 Dungeon Crawl Stone Soup version 0.27-a0-1590-g15f69828bf (webtiles) character file.

Game seed: 710492494469520823

416 Anon1729 the Shield-Bearer (level 7, -2/55 HPs)
             Began as a Formicid Fighter on July 18, 2021.
             Slain by a gnoll (8 damage)
             ... on level 5 of the Dungeon.
             The game lasted 00:02:01 (2621 turns).

Anon1729 the Shield-Bearer (Formicid Fighter)       Turns: 2621, Time: 00:02:02

Health: -2/55      AC:  7    Str: 29    XL:     7   Next: 15%
Magic:  7/7        EV:  9    Int:  7    God:
Gold:   85         SH: 11    Dex: 10    Spells: 6/6 levels left

rFire    . . .     SeeInvis +   a - +0 war axe
rCold    . . .     Faith    .   c - +0 kite shield
rNeg     . . .     Spirit   .   b - +0 scale mail
rPois    .         Reflect  .   (helmet unavailable)
rElec    .         Harm     .   (no cloak)
rCorr    .         Rampage  .   (no gloves)
Will     .....                  (no boots)
Stlth    ..........             (no amulet)
HPRegen  0.18/turn              n - +6 ring of strength
MPRegen  0.10/turn              (no ring)

@: no status effects
A: permanent stasis, dig shafts and tunnels, antennae 3, four strong arms
a: Dig, Shaft Self


You were on level 5 of the Dungeon.
You visited 1 branch of the dungeon, and saw 5 of its levels.

You collected 85 gold pieces.

Inventory:

Hand Weapons
 a - a +0 war axe (weapon)
Armour
 b - a +0 scale mail (worn)
 c - a +0 kite shield (worn)
Jewellery
 n - a +6 ring of strength (left hand)
Scrolls
 e - a scroll of immolation {unknown}
 k - a scroll of vulnerability {unknown}
 l - a scroll of fear {unknown}
 m - a scroll of torment {unknown}
 o - 4 scrolls of identify {unknown}
 p - a scroll of fog {unknown}
Potions
 d - 3 potions of might
 f - a potion of lignification {unknown}
 g - a potion of cancellation {unknown}
 h - a potion of mutation {unknown}
 i - 2 potions of degeneration {unknown}
 j - a potion of brilliance {unknown}
 q - a potion of curing {unknown}


   Skills:
 + Level 4.9 Fighting
 * Level 4.3 Axes
 + Level 4.8 Armour
 + Level 5.3 Shields


You had 6 spell levels left.
You didn't know any spells.
Your spell library was empty.

Dungeon Overview and Level Annotations

Branches:
Dungeon (5/15)
 Temple: D:4-7

Altars:
Okawaru
Qazlal
Uskayaw

Annotations:
D:4 Dowan


Innate Abilities, Weirdness & Mutations

You cannot be hasted, slowed, berserked, paralysed or teleported.
You can dig through walls and to a lower floor.
You have a pair of large antennae on your head. (SInv)
Your four strong arms can wield two-handed weapons with a shield.


Message History

The gnoll hits you from afar with a +0 halberd!
Found an escape hatch in the floor.
The gnoll hits you but does no damage.
Things that are here:
a +0 flail; a +0 flail; a +0 whip You hit the gnoll.
The gnoll is lightly wounded.
The gnoll hits you with a +0 halberd!
You are too injured to fight recklessly!
You are too injured to fight recklessly!
You are too injured to fight recklessly!
You are too injured to fight recklessly!
You are too injured to fight recklessly!
You are too injured to fight recklessly!
You are too injured to fight recklessly!
You are too injured to fight recklessly!
You are too injured to fight recklessly!
You are too injured to fight recklessly!
You are too injured to fight recklessly!
You are too injured to fight recklessly!
You are too injured to fight recklessly!
You are too injured to fight recklessly!
You are too injured to fight recklessly!
You are too injured to fight recklessly!
You barely miss the gnoll. The gnoll hits you with a +0 halberd!
* * * LOW HITPOINT WARNING * * *
The gnoll hits you with a +0 halberd.
* * * LOW HITPOINT WARNING * * *
You hit the gnoll.
The gnoll is moderately wounded.
The gnoll barely misses you.
You hit the gnoll but do no damage.
The gnoll is moderately wounded.
The gnoll barely misses you. You block the gnoll's attack.
You hit the gnoll.
The gnoll is heavily wounded.
The gnoll barely misses you.
You hit the gnoll but do no damage.
The gnoll is heavily wounded.
The gnoll hits you with a +0 halberd!
You die...

#............#
#.############
#.# #.# #.#
#!# #.#
##############
#.#
......[<......
#@#
##############
.......g#
........#
####.....
#......
.........
###.......
##.>...##


You could see a gnoll.

Vanquished Creatures
  Duvessa (D:4)
  A necrophage (D:4)
  Blork the orc (D:4)
  A water moccasin skeleton (D:5)
  3 gnolls (D:5)
  An adder (D:2)
  An ufetubus (D:4)
  A dart slug (D:1)
  An orc (D:3)
  3 ball pythons
  2 endoplasms
  4 giant cockroaches
  7 goblins
  5 hobgoblins
  9 jackals
  9 kobolds
  A quokka (D:1)
  7 bats
  4 frilled lizards
  3 rats (D:1)
65 creatures vanquished.

Notes
Turn   | Place    | Note
-------+----------+-------------------------------------------
     0 | D:1      | Anon1729 the Formicid Fighter began the quest for the Orb.
     0 | D:1      | Reached XP level 1. HP: 18/18 MP: 1/1
   160 | D:1      | Reached XP level 2. HP: 19/24 MP: 2/2
   849 | D:1      | Reached XP level 3. HP: 26/29 MP: 3/3
   850 | D:1      | Reached skill level 4 in Shields
  1397 | D:3      | Reached XP level 4. HP: 37/37 MP: 4/4
  1557 | D:3      | Found a hide-covered altar of Uskayaw.
  1557 | D:3      | Found a stormy altar of Qazlal.
  1672 | D:4      | Noticed a necrophage
  1676 | D:4      | Killed a necrophage
  1677 | D:4      | Reached XP level 5. HP: 38/42 MP: 5/5
  1881 | D:4      | Found an iron altar of Okawaru.
  1938 | D:4      | Noticed Blork the orc
  1960 | D:4      | Killed Blork the orc
  1961 | D:4      | Reached XP level 6. HP: 10/49 MP: 6/6
  2275 | D:4      | Noticed Dowan
  2277 | D:4      | Noticed Duvessa
  2300 | D:4      | Killed Duvessa
  2301 | D:4      | Reached skill level 5 in Shields
  2319 | D:5      | Entered Level 5 of the Dungeon
  2607 | D:5      | Reached XP level 7. HP: 51/55 MP: 7/7
  2621 | D:5      | Slain by a gnoll

Illustrated notes

Levels and vault maps discovered:
D:1:      sevenhm_arrival_forest_fort_small_6, layout_loops_corners
D:2:      layout_basic
D:3:      layout_basic, chequers_temple_overflow_statue_of_worship
D:4:      minmay_evil_eye, layout_basic, kennysheep_little_box,
          serial_bayou_pond_d, cheibrodos_gnoll_hut, uniq_blork_the_orc,
          uniq_duvessa
D:5:      layout_loops_ring

Skill      XL: |  1  2  3  4  5  6 |
---------------+-------------------+-----
Shields        | 4 5 |  5.3
Fighting       | 4 |  4.9
Axes           | 3 4 |  4.3
Armour         | 4 |  4.8

Action                   |  1- 3 |  4- 6 |  7- 9 || total
-------------------------+-------+-------+-------++-------
Melee: War axe           |    78 |    79 |    14 ||   171
 Abil: Dig               |       |     2 |       ||     2
  Use: Potion            |       |     1 |       ||     1
Armor: Scale mail        |    56 |    41 |     4 ||   101
Dodge: Dodged            |    44 |    44 |    10 ||    98
Block: Kite shield       |    60 |    64 |     9 ||   133

Table legend: (Time is in decaauts)
 A = Elapsed time spent in this place.
 B = Non-inter-level travel time spent in this place.
 C = Inter-level travel time spent in this place.
 D = Time resting spent in this place.
 E = Time spent auto-exploring this place.
 F = Levels seen in this place.
 G = Mean time per level.
                   A        B        C        D        E       F      G
               +--------+--------+--------+--------+--------+-----+--------+
         Total |   2726 |   2672 |     54 |    292 |   1866 |   5 |  545.2 |
       Dungeon |   2726 |   2672 |     54 |    292 |   1866 |   5 |  545.2 |
               +--------+--------+--------+--------+--------+-----+--------+

Top non-repeatable levels by time:
     D:1: 1135 daAuts
     D:4: 675 daAuts
     D:3: 368 daAuts
     D:5: 309 daAuts
     D:2: 237 daAuts
